Workbook

Sheet A - DATOS GENERALES
A2: A. DATOS GENERALES
A4: EMPRESA
A5: DOMICILIO
A6: POBLACIÓN
A7: CÓDIGO POSTAL
A8: CIF
A9: TELÉFONO DE CONTACTO (FIJO)
A10: TELÉFONO DE CONTACTO (MÓVIL)
A11: CORREO ELECTRÓNICO
A12: PÁGINA WEB

Sheet B - DATOS CONTRATO GESTIÓN
B2: B.1. DATOS GENERALES
B4: CONTRATO PARA EL QUE SE SOLICITA SUBVENCIÓN
B5: NOMBRE DEL CONTRATO
B7: B.2. ITINERARIOS
B9: Se detallarán en el cuadro adjunto los itinerarios que se realizan, indicando la distancia total de cada ruta.
B11: NOMBRE RUTA | C11: ORIGEN | D11: DESTINO | E11: KM RUTA
A12: 1
A13: 2
A14: 3
A15: 4
A16: 5
A17: 6
A18: 7
A19: 8
A20: 9
A21: 10
A22: 11
A23: 12
... A31: 20
B33: B.3. PERSONAL DE CONDUCCIÓN
B35: Se relacionarán los conductores empleados en el servicio regular indicando lugar de residencia de los mismos
B37: CONDUCTOR (APELLIDOS Y NOMBRE) | C37: DNI/NIE | D37: LUGAR DE RESIDENCIA
A38: 1
A39: 2
A40: 3
A41: 4
A42: 5
A43: 6
A44: 7
A45: 8
A46: 9
A47: 10
A48: 11
A49: 12
... A237: 200
B239: B.4. VEHÍCULOS UTILIZADOS
B241: Se deberán incluir los datos de todos los vehículos utilizados en la prestación del contrato de gestión durante los meses de junio a diciembre de 2021
B243: Nº VEHÍCULO | C243: MATRICULA | D243: FECHA DE MATRICULACIÓN | E243: FECHA DE ADQUISICIÓN | F243: FECHA DE ADSCRIPCIÓN AL SERVICIO REGULAR | G243: MARCA Y MODELO DE CARROCERÍA | H243: MARCA Y MODELO DE MOTOR | I243: POTENCIA FISCAL | J243: NÚMERO DE ASIENTOS (INCLUIDO CONDUCTOR) | K243: NÚMERO DE NEUMÁTICOS | L243: TIPO (SERIE) DE NEUMÁTICOS EMPLEADOS | M243: CONSUMO DE COMBUSTIBLE (L/100 KM) | N243: KM RECORRIDOS TOTALES DE JUNIO A DICIEMBRE 2021 | O243: KM RECORRIDOS EN SERVICIO (MINIMO CONCESIONAL) OBJETO DE LA SOLICITUD DE JUNIO A DICIEMBRE 2021 | P243: KM RECORRIDOS EN SERVICIO RESTO EXPEDICIONES SUPLEMENTARIAS DE LA CONCESIÓN OBJETO DE LA SOLICITUD DE JUNIO A DICIEMBRE 2021 | Q243: % KM MINIMO CONCESIONAL SOBRE TOTAL KM RECORRIDOS | R243: % KM TOTAL CONCESION SOBRE TOTAL KM RECORRIDOS
A244: 1 | Q244: =+IF(D244="","",O244/N244) | R244: =+IF(D244="","",(O244+P244)/N244)
A245: 2 | Q245: =+IF(D245="","",O245/N245) | R245: =+IF(D245="","",(O245+P245)/N245)
A246: 3 | Q246: =+IF(D246="","",O246/N246) | R246: =+IF(D246="","",(O246+P246)/N246)
A247: 4 | Q247: =+IF(D247="","",O247/N247) | R247: =+IF(D247="","",(O247+P247)/N247)
A248: 5 | Q248: =+IF(D248="","",O248/N248) | R248: =+IF(D248="","",(O248+P248)/N248)
A249: 6 | Q249: =+IF(D249="","",O249/N249) | R249: =+IF(D249="","",(O249+P249)/N249)
A250: 7 | Q250: =+IF(D250="","",O250/N250) | R250: =+IF(D250="","",(O250+P250)/N250)
A251: 8 | Q251: =+IF(D251="","",O251/N251) | R251: =+IF(D251="","",(O251+P251)/N251)
A252: 9 | Q252: =+IF(D252="","",O252/N252) | R252: =+IF(D252="","",(O252+P252)/N252)
A253: 10 | Q253: =+IF(D253="","",O253/N253) | R253: =+IF(D253="","",(O253+P253)/N253)
A254: 11 | Q254: =+IF(D254="","",O254/N254) | R254: =+IF(D254="","",(O254+P254)/N254)
A255: 12 | Q255: =+IF(D255="","",O255/N255) | R255: =+IF(D255="","",(O255+P255)/N255)
... A323: 80 | Q323: =+IF(D323="","",O323/N323) | R323: =+IF(D323="","",(O323+P323)/N323)
N324: =SUM(N244:N323) -> 0 | O324: =SUM(O244:O323) -> 0 | P324: =SUM(P244:P323) -> 0 | Q324: =+P324/O324 -> #DIV/0! | R324: =+IF(D324="","",(O324+P324)/N324)
B325: Se expondrá el plan previsto para llevar a cabo la amortización económica de los vehículos, facilitando los siguientes datos
B327: VEHÍCULO | C327: MATRICULA | D327: PRECIO DE ADQUISIÓN (SIN IVA) | E327: PLAZO DE AMORTIZACIÓN (AÑOS) | F327: VALOR RESIDUAL (SIN IVA)
B328: =+IF(B244="","",B244) | C328: =+IF(C244="","",C244)
B329: =+IF(B245="","",B245) | C329: =+IF(C245="","",C245)
B330: =+IF(B246="","",B246) | C330: =+IF(C246="","",C246)
B331: =+IF(B247="","",B247) | C331: =+IF(C247="","",C247)
B332: =+IF(B248="","",B248) | C332: =+IF(C248="","",C248)
B333: =+IF(B249="","",B249) | C333: =+IF(C249="","",C249)
B334: =+IF(B250="","",B250) | C334: =+IF(C250="","",C250)
B335: =+IF(B251="","",B251) | C335: =+IF(C251="","",C251)
B336: =+IF(B252="","",B252) | C336: =+IF(C252="","",C252)
B337: =+IF(B253="","",B253) | C337: =+IF(C253="","",C253)
B338: =+IF(B254="","",B254) | C338: =+IF(C254="","",C254)
B339: =+IF(B255="","",B255) | C339: =+IF(C255="","",C255)
... B387: =+IF(B303="","",B303) | C387: =+IF(C303="","",C303)
B388: =+IF(B304="","",B304) | C388: =+IF(C305="","",C305)
B389: =+IF(B305="","",B305) | C389: =+IF(C306="","",C306)
B390: =+IF(B306="","",B306) | C390: =+IF(C307="","",C307)
B391: =+IF(B307="","",B307) | C391: =+IF(C308="","",C308)
B392: =+IF(B308="","",B308) | C392: =+IF(C309="","",C309)
B393: =+IF(B309="","",B309) | C393: =+IF(C310="","",C310)
B394: =+IF(B310="","",B310) | C394: =+IF(C311="","",C311)
B395: =+IF(B311="","",B311) | C395: =+IF(C312="","",C312)
B396: =+IF(B312="","",B312) | C396: =+IF(C313="","",C313)
B397: =+IF(B313="","",B313) | C397: =+IF(C314="","",C314)
B398: =+IF(B314="","",B314) | C398: =+IF(C315="","",C315)
B399: =+IF(B315="","",B315) | C399: =+IF(C316="","",C316)
... B406: =+IF(B322="","",B322) | C406: =+IF(C323="","",C323)
B408: Si los vehículos han sido subvencionados por el Gobierno de Aragón o cualquier otra entidad en su adquisición, se indicará el importe de la subvención, la fecha de la concesión, el nombre de la entidad y el concepto por la que fue concedida
B410: VEHÍCULO | C410: MATRICULA | D410: ENTIDAD | E410: FECHA | F410: IMPORTE | G410: CONCEPTO
B411: =+IF(B244="","",B244) | C411: =+IF(C244="","",C244)
B412: =+IF(B245="","",B245) | C412: =+IF(C245="","",C245)
B413: =+IF(B246="","",B246) | C413: =+IF(C246="","",C246)
B414: =+IF(B247="","",B247) | C414: =+IF(C247="","",C247)
B415: =+IF(B248="","",B248) | C415: =+IF(C248="","",C248)
B416: =+IF(B249="","",B249) | C416: =+IF(C249="","",C249)
B417: =+IF(B250="","",B250) | C417: =+IF(C250="","",C250)
B418: =+IF(B251="","",B251) | C418: =+IF(C251="","",C251)
B419: =+IF(B252="","",B252) | C419: =+IF(C252="","",C252)
B420: =+IF(B253="","",B253) | C420: =+IF(C253="","",C253)
B421: =+IF(B254="","",B254) | C421: =+IF(C254="","",C254)
B422: =+IF(B255="","",B255) | C422: =+IF(C255="","",C255)
... B470: =+IF(B303="","",B303) | C470: =+IF(C303="","",C303)
B471: =+IF(B304="","",B304) | C471: =+IF(C305="","",C305)
B472: =+IF(B305="","",B305) | C472: =+IF(C306="","",C306)
B473: =+IF(B306="","",B306) | C473: =+IF(C307="","",C307)
B474: =+IF(B307="","",B307) | C474: =+IF(C308="","",C308)
B475: =+IF(B308="","",B308) | C475: =+IF(C309="","",C309)
...

Sheet C - COSTES DE LA EXPLOTACIÓN
B2: C.1. COMBUSTIBLE Y LUBRICANTES
B4: Se determinará en función de los kilómetros recorridos por cada vehiculo adscrito. El coste del combustible se incluirá sin IVA y deduciendo el descuento que se haya obtenido en su compra. Se considerará como coste de lubricante el 10% del coste de combustible
B6: MATRICULA VEHÍCULO | C6: KM RECORRIDOS MINIMO CONCESIONAL | D6: CONSUMO L/100 KM | E6: PROMEDIO PRECIO LITRO GASOIL (SIN IVA Y CON DESCUENTO) | F6: TOTAL EUROS
A7: 1 | B7: =+IF('B - DATOS CONTRATO GESTIÓN'!C244="","",'B - DATOS CONTRATO GESTIÓN'!C244) | C7: =+IF(B7="","",'B - DATOS CONTRATO GESTIÓN'!O244) | D7: =+IF(B7="","",'B - DATOS CONTRATO GESTIÓN'!M244) | F7: =+IF(B7="","",(C7/100)*D7*E7)
A8: 2 | B8: =+IF('B - DATOS CONTRATO GESTIÓN'!C245="","",'B - DATOS CONTRATO GESTIÓN'!C245) | C8: =+IF(B8="","",'B - DATOS CONTRATO GESTIÓN'!O245) | D8: =+IF(B8="","",'B - DATOS CONTRATO GESTIÓN'!M245) | F8: =+IF(B8="","",(C8/100)*D8*E8)
A9: 3 | B9: =+IF('B - DATOS CONTRATO GESTIÓN'!C246="","",'B - DATOS CONTRATO GESTIÓN'!C246) | C9: =+IF(B9="","",'B - DATOS CONTRATO GESTIÓN'!O246) | D9: =+IF(B9="","",'B - DATOS CONTRATO GESTIÓN'!M246) | F9: =+IF(B9="","",(C9/100)*D9*E9)
A10: 4 | B10: =+IF('B - DATOS CONTRATO GESTIÓN'!C247="","",'B - DATOS CONTRATO GESTIÓN'!C247) | C10: =+IF(B10="","",'B - DATOS CONTRATO GESTIÓN'!O247) | D10: =+IF(B10="","",'B - DATOS CONTRATO GESTIÓN'!M247) | F10: =+IF(B10="","",(C10/100)*D10*E10)
A11: 5 | B11: =+IF('B - DATOS CONTRATO GESTIÓN'!C248="","",'B - DATOS CONTRATO GESTIÓN'!C248) | C11: =+IF(B11="","",'B - DATOS CONTRATO GESTIÓN'!O248) | D11: =+IF(B11="","",'B - DATOS CONTRATO GESTIÓN'!M248) | F11: =+IF(B11="","",(C11/100)*D11*E11)
A12: 6 | B12: =+IF('B - DATOS CONTRATO GESTIÓN'!C249="","",'B - DATOS CONTRATO GESTIÓN'!C249) | C12: =+IF(B12="","",'B - DATOS CONTRATO GESTIÓN'!O249) | D12: =+IF(B12="","",'B - DATOS CONTRATO GESTIÓN'!M249) | F12: =+IF(B12="","",(C12/100)*D12*E12)
A13: 7 | B13: =+IF('B - DATOS CONTRATO GESTIÓN'!C250="","",'B - DATOS CONTRATO GESTIÓN'!C250) | C13: =+IF(B13="","",'B - DATOS CONTRATO GESTIÓN'!O250) | D13: =+IF(B13="","",'B - DATOS CONTRATO GESTIÓN'!M250) | F13: =+IF(B13="","",(C13/100)*D13*E13)
A14: 8 | B14: =+IF('B - DATOS CONTRATO GESTIÓN'!C251="","",'B - DATOS CONTRATO GESTIÓN'!C251) | C14: =+IF(B14="","",'B - DATOS CONTRATO GESTIÓN'!O251) | D14: =+IF(B14="","",'B - DATOS CONTRATO GESTIÓN'!M251) | F14: =+IF(B14="","",(C14/100)*D14*E14)
A15: 9 | B15: =+IF('B - DATOS CONTRATO GESTIÓN'!C252="","",'B - DATOS CONTRATO GESTIÓN'!C252) | C15: =+IF(B15="","",'B - DATOS CONTRATO GESTIÓN'!O252) | D15: =+IF(B15="","",'B - DATOS CONTRATO GESTIÓN'!M252) | F15: =+IF(B15="","",(C15/100)*D15*E15)
A16: 10 | B16: =+IF('B - DATOS CONTRATO GESTIÓN'!C253="","",'B - DATOS CONTRATO GESTIÓN'!C253) | C16: =+IF(B16="","",'B - DATOS CONTRATO GESTIÓN'!O253) | D16: =+IF(B16="","",'B - DATOS CONTRATO GESTIÓN'!M253) | F16: =+IF(B16="","",(C16/100)*D16*E16)
A17: 11 | B17: =+IF('B - DATOS CONTRATO GESTIÓN'!C254="","",'B - DATOS CONTRATO GESTIÓN'!C254) | C17: =+IF(B17="","",'B - DATOS CONTRATO GESTIÓN'!O254) | D17: =+IF(B17="","",'B - DATOS CONTRATO GESTIÓN'!M254) | F17: =+IF(B17="","",(C17/100)*D17*E17)
A18: 12 | B18: =+IF('B - DATOS CONTRATO GESTIÓN'!C255="","",'B - DATOS CONTRATO GESTIÓN'!C255) | C18: =+IF(B18="","",'B - DATOS CONTRATO GESTIÓN'!O255) | D18: =+IF(B18="","",'B - DATOS CONTRATO GESTIÓN'!M255) | F18: =+IF(B18="","",(C18/100)*D18*E18)
... A66: 60 | B66: =+IF('B - DATOS CONTRATO GESTIÓN'!C303="","",'B - DATOS CONTRATO GESTIÓN'!C303) | C66: =+IF(B66="","",'B - DATOS CONTRATO GESTIÓN'!O303) | D66: =+IF(B66="","",'B - DATOS CONTRATO GESTIÓN'!M303) | F66: =+IF(B66="","",(C66/100)*D66*E66)
A67: 61 | B67: =+IF('B - DATOS CONTRATO GESTIÓN'!C304="","",'B - DATOS CONTRATO GESTIÓN'!C304) | C67: =+IF(B67="","",'B - DATOS CONTRATO GESTIÓN'!O305) | D67: =+IF(B67="","",'B - DATOS CONTRATO GESTIÓN'!M305) | F67: =+IF(B67="","",(C67/100)*D67*E67)
A68: 62 | B68: =+IF('B - DATOS CONTRATO GESTIÓN'!C305="","",'B - DATOS CONTRATO GESTIÓN'!C305) | C68: =+IF(B68="","",'B - DATOS CONTRATO GESTIÓN'!O306) | D68: =+IF(B68="","",'B - DATOS CONTRATO GESTIÓN'!M306) | F68: =+IF(B68="","",(C68/100)*D68*E68)
A69: 63 | B69: =+IF('B - DATOS CONTRATO GESTIÓN'!C306="","",'B - DATOS CONTRATO GESTIÓN'!C306) | C69: =+IF(B69="","",'B - DATOS CONTRATO GESTIÓN'!O307) | D69: =+IF(B69="","",'B - DATOS CONTRATO GESTIÓN'!M307) | F69: =+IF(B69="","",(C69/100)*D69*E69)
A70: 64 | B70: =+IF('B - DATOS CONTRATO GESTIÓN'!C307="","",'B - DATOS CONTRATO GESTIÓN'!C307) | C70: =+IF(B70="","",'B - DATOS CONTRATO GESTIÓN'!O308) | D70: =+IF(B70="","",'B - DATOS CONTRATO GESTIÓN'!M308) | F70: =+IF(B70="","",(C70/100)*D70*E70)
A71: 65 | B71: =+IF('B - DATOS CONTRATO GESTIÓN'!C308="","",'B - DATOS CONTRATO GESTIÓN'!C308) | C71: =+IF(B71="","",'B - DATOS CONTRATO GESTIÓN'!O309) | D71: =+IF(B71="","",'B - DATOS CONTRATO GESTIÓN'!M309) | F71: =+IF(B71="","",(C71/100)*D71*E71)
A72: 66 | B72: =+IF('B - DATOS CONTRATO GESTIÓN'!C309="","",'B - DATOS CONTRATO GESTIÓN'!C309) | C72: =+IF(B72="","",'B - DATOS CONTRATO GESTIÓN'!O310) | D72: =+IF(B72="","",'B - DATOS CONTRATO GESTIÓN'!M310) | F72: =+IF(B72="","",(C72/100)*D72*E72)
A73: 67 | B73: =+IF('B - DATOS CONTRATO GESTIÓN'!C310="","",'B - DATOS CONTRATO GESTIÓN'!C310) | C73: =+IF(B73="","",'B - DATOS CONTRATO GESTIÓN'!O311) | D73: =+IF(B73="","",'B - DATOS CONTRATO GESTIÓN'!M311) | F73: =+IF(B73="","",(C73/100)*D73*E73)
A74: 68 | B74: =+IF('B - DATOS CONTRATO GESTIÓN'!C311="","",'B - DATOS CONTRATO GESTIÓN'!C311) | C74: =+IF(B74="","",'B - DATOS CONTRATO GESTIÓN'!O312) | D74: =+IF(B74="","",'B - DATOS CONTRATO GESTIÓN'!M312) | F74: =+IF(B74="","",(C74/100)*D74*E74)
A75: 69 | B75: =+IF('B - DATOS CONTRATO GESTIÓN'!C312="","",'B - DATOS CONTRATO GESTIÓN'!C312) | C75: =+IF(B75="","",'B - DATOS CONTRATO GESTIÓN'!O313) | D75: =+IF(B75="","",'B - DATOS CONTRATO GESTIÓN'!M313) | F75: =+IF(B75="","",(C75/100)*D75*E75)
A76: 70 | B76: =+IF('B - DATOS CONTRATO GESTIÓN'!C313="","",'B - DATOS CONTRATO GESTIÓN'!C313) | C76: =+IF(B76="","",'B - DATOS CONTRATO GESTIÓN'!O314) | D76: =+IF(B76="","",'B - DATOS CONTRATO GESTIÓN'!M314) | F76: =+IF(B76="","",(C76/100)*D76*E76)
A77: 71 | B77: =+IF('B - DATOS CONTRATO GESTIÓN'!C314="","",'B - DATOS CONTRATO GESTIÓN'!C314) | C77: =+IF(B77="","",'B - DATOS CONTRATO GESTIÓN'!O315) | D77: =+IF(B77="","",'B - DATOS CONTRATO GESTIÓN'!M315) | F77: =+IF(B77="","",(C77/100)*D77*E77)
A78: 72 | B78: =+IF('B - DATOS CONTRATO GESTIÓN'!C315="","",'B - DATOS CONTRATO GESTIÓN'!C315) | C78: =+IF(B78="","",'B - DATOS CONTRATO GESTIÓN'!O316) | D78: =+IF(B78="","",'B - DATOS CONTRATO GESTIÓN'!M316) | F78: =+IF(B78="","",(C78/100)*D78*E78)
... A86: 80 | B86: =+IF('B - DATOS CONTRATO GESTIÓN'!C323="","",'B - DATOS CONTRATO GESTIÓN'!C323) | C86: =+IF(B86="","",'B - DATOS CONTRATO GESTIÓN'!O324) | D86: =+IF(B86="","",'B - DATOS CONTRATO GESTIÓN'!M324) | F86: =+IF(B86="","",(C86/100)*D86*E86)
B87: TOTAL COMBUSTIBLE | F87: =SUM(F7:F86) -> 0
B88: TOTAL LUBRICANTES (10% COSTE COMBUSTIBLE) | F88: =+F87*0.1 -> 0
B89: TOTAL | F89: =+F88+F87 -> 0
B92: C.2. NEUMÁTICOS
B94: La incidencia del coste en neumáticos se determinará en función del valor de los neumáticos sin IVA y deducido el descuento de la unidad (cubierta con o sin cámara), de la vida útil expresada en kilómetros y de los kilómetros recorridos en la prestación del servicio
B96: MATRICULA VEHÍCULO | C96: KM RECORRIDOS MINIMO CONCESIONAL | D96: TIPO (SERIE) DE NEUMÁTICOS EMPLEADOS | E96: COSTE UNIDAD (SIN IVA Y CON DESCUENTO) | F96: COSTE JUEGO COMPLETO | G96: VIDA ÚTIL (KM) | H96: COSTE EUROS/KM | I96: TOTAL EUROS
A97: 1 | B97: =+B7 | C97: =+C7 | D97: =+IF(B97="","",'B - DATOS CONTRATO GESTIÓN'!L244) | F97: =+IF(C97="","",E97*'B - DATOS CONTRATO GESTIÓN'!K244) | H97: =+IF(C97="","",F97/G97) | I97: =+IF(B97="","",C97*H97)
A98: 2 | B98: =+B8 | C98: =+C8 | D98: =+IF(B98="","",'B - DATOS CONTRATO GESTIÓN'!L245) | F98: =+IF(C98="","",E98*'B - DATOS CONTRATO GESTIÓN'!K245) | H98: =+IF(C98="","",F98/G98) | I98: =+IF(B98="","",C98*H98)
A99: 3 | B99: =+B9 | C99: =+C9 | D99: =+IF(B99="","",'B - DATOS CONTRATO GESTIÓN'!L246) | F99: =+IF(C99="","",E99*'B - DATOS CONTRATO GESTIÓN'!K246) | H99: =+IF(C99="","",F99/G99) | I99: =+IF(B99="","",C99*H99)
A100: 4 | B100: =+B10 | C100: =+C10 | D100: =+IF(B100="","",'B - DATOS CONTRATO GESTIÓN'!L247) | F100: =+IF(C100="","",E100*'B - DATOS CONTRATO GESTIÓN'!K247) | H100: =+IF(C100="","",F100/G100) | I100: =+IF(B100="","",C100*H100)
A101: 5 | B101: =+B11 | C101: =+C11 | D101: =+IF(B101="","",'B - DATOS CONTRATO GESTIÓN'!L248) | F101: =+IF(C101="","",E101*'B - DATOS CONTRATO GESTIÓN'!K248) | H101: =+IF(C101="","",F101/G101) | I101: =+IF(B101="","",C101*H101)
A102: 6 | B102: =+B12 | C102: =+C12 | D102: =+IF(B102="","",'B - DATOS CONTRATO GESTIÓN'!L249) | F102: =+IF(C102="","",E102*'B - DATOS CONTRATO GESTIÓN'!K249) | H102: =+IF(C102="","",F102/G102) | I102: =+IF(B102="","",C102*H102)
A103: 7 | B103: =+B13 | C103: =+C13 | D103: =+IF(B103="","",'B - DATOS CONTRATO GESTIÓN'!L250) | F103: =+IF(C103="","",E103*'B - DATOS CONTRATO GESTIÓN'!K250) | H103: =+IF(C103="","",F103/G103) | I103: =+IF(B103="","",C103*H103)
A104: 8 | B104: =+B14 | C104: =+C14 | D104: =+IF(B104="","",'B - DATOS CONTRATO GESTIÓN'!L251) | F104: =+IF(C104="","",E104*'B - DATOS CONTRATO GESTIÓN'!K251) | H104: =+IF(C104="","",F104/G104) | I104: =+IF(B104="","",C104*H104)
A105: 9 | B105: =+B15 | C105: =+C15 | D105: =+IF(B105="","",'B - DATOS CONTRATO GESTIÓN'!L252) | F105: =+IF(C105="","",E105*'B - DATOS CONTRATO GESTIÓN'!K252) | H105: =+IF(C105="","",F105/G105) | I105: =+IF(B105="","",C105*H105)
A106: 10 | B106: =+B16 | C106: =+C16 | D106: =+IF(B106="","",'B - DATOS CONTRATO GESTIÓN'!L253) | F106: =+IF(C106="","",E106*'B - DATOS CONTRATO GESTIÓN'!K253) | H106: =+IF(C106="","",F106/G106) | I106: =+IF(B106="","",C106*H106)
A107: 11 | B107: =+B17 | C107: =+C17 | D107: =+IF(B107="","",'B - DATOS CONTRATO GESTIÓN'!L254) | F107: =+IF(C107="","",E107*'B - DATOS CONTRATO GESTIÓN'!K254) | H107: =+IF(C107="","",F107/G107) | I107: =+IF(B107="","",C107*H107)
A108: 12 | B108: =+B18 | C108: =+C18 | D108: =+IF(B108="","",'B - DATOS CONTRATO GESTIÓN'!L255) | F108: =+IF(C108="","",E108*'B - DATOS CONTRATO GESTIÓN'!K255) | H108: =+IF(C108="","",F108/G108) | I108: =+IF(B108="","",C108*H108)
... A156: 60 | B156: =+B66 | C156: =+C66 | D156: =+IF(B156="","",'B - DATOS CONTRATO GESTIÓN'!L303) | F156: =+IF(C156="","",E156*'B - DATOS CONTRATO GESTIÓN'!K303) | H156: =+IF(C156="","",F156/G156) | I156: =+IF(B156="","",C156*H156)
A157: 61 | B157: =+B67 | C157: =+C67 | D157: =+IF(B157="","",'B - DATOS CONTRATO GESTIÓN'!L305) | F157: =+IF(C157="","",E157*'B - DATOS CONTRATO GESTIÓN'!K304) | H157: =+IF(C157="","",F157/G157) | I157: =+IF(B157="","",C157*H157)
A158: 62 | B158: =+B68 | C158: =+C68 | D158: =+IF(B158="","",'B - DATOS CONTRATO GESTIÓN'!L306) | F158: =+IF(C158="","",E158*'B - DATOS CONTRATO GESTIÓN'!K305) | H158: =+IF(C158="","",F158/G158) | I158: =+IF(B158="","",C158*H158)
A159: 63 | B159: =+B69 | C159: =+C69 | D159: =+IF(B159="","",'B - DATOS CONTRATO GESTIÓN'!L307) | F159: =+IF(C159="","",E159*'B - DATOS CONTRATO GESTIÓN'!K306) | H159: =+IF(C159="","",F159/G159) | I159: =+IF(B159="","",C159*H159)
A160: 64 | B160: =+B70 | C160: =+C70 | D160: =+IF(B160="","",'B - DATOS CONTRATO GESTIÓN'!L308) | F160: =+IF(C160="","",E160*'B - DATOS CONTRATO GESTIÓN'!K307) | H160: =+IF(C160="","",F160/G160) | I160: =+IF(B160="","",C160*H160)
A161: 65 | B161: =+B71 | C161: =+C71 | D161: =+IF(B161="","",'B - DATOS CONTRATO GESTIÓN'!L309) | F161: =+IF(C161="","",E161*'B - DATOS CONTRATO GESTIÓN'!K308) | H161: =+IF(C161="","",F161/G161) | I161: =+IF(B161="","",C161*H161)
A162: 66 | B162: =+B72 | C162: =+C72 | D162: =+IF(B162="","",'B - DATOS CONTRATO GESTIÓN'!L310) | F162: =+IF(C162="","",E162*'B - DATOS CONTRATO GESTIÓN'!K309) | H162: =+IF(C162="","",F162/G162) | I162: =+IF(B162="","",C162*H162)
A163: 67 | B163: =+B73 | C163: =+C73 | D163: =+IF(B163="","",'B - DATOS CONTRATO GESTIÓN'!L311) | F163: =+IF(C163="","",E163*'B - DATOS CONTRATO GESTIÓN'!K310) | H163: =+IF(C163="","",F163/G163) | I163: =+IF(B163="","",C163*H163)
A164: 68 | B164: =+B74 | C164: =+C74 | D164: =+IF(B164="","",'B - DATOS CONTRATO GESTIÓN'!L312) | F164: =+IF(C164="","",E164*'B - DATOS CONTRATO GESTIÓN'!K311) | H164: =+IF(C164="","",F164/G164) | I164: =+IF(B164="","",C164*H164)
A165: 69 | B165: =+B75 | C165: =+C75 | D165: =+IF(B165="","",'B - DATOS CONTRATO GESTIÓN'!L313) | F165: =+IF(C165="","",E165*'B - DATOS CONTRATO GESTIÓN'!K312) | H165: =+IF(C165="","",F165/G165) | I165: =+IF(B165="","",C165*H165)
A166: 70 | B166: =+B76 | C166: =+C76 | D166: =+IF(B166="","",'B - DATOS CONTRATO GESTIÓN'!L314) | F166: =+IF(C166="","",E166*'B - DATOS CONTRATO GESTIÓN'!K313) | H166: =+IF(C166="","",F166/G166) | I166: =+IF(B166="","",C166*H166)
A167: 71 | B167: =+B77 | C167: =+C77 | D167: =+IF(B167="","",'B - DATOS CONTRATO GESTIÓN'!L315) | F167: =+IF(C167="","",E167*'B - DATOS CONTRATO GESTIÓN'!K314) | H167: =+IF(C167="","",F167/G167) | I167: =+IF(B167="","",C167*H167)
A168: 72 | B168: =+B78 | C168: =+C78 | D168: =+IF(B168="","",'B - DATOS CONTRATO GESTIÓN'!L316) | F168: =+IF(C168="","",E168*'B - DATOS CONTRATO GESTIÓN'!K315) | H168: =+IF(C168="","",F168/G168) | I168: =+IF(B168="","",C168*H168)
... A175: 79 | B175: =+B85 | C175: =+C85 | D175: =+IF(B175="","",'B - DATOS CONTRATO GESTIÓN'!L323) | F175: =+IF(C175="","",E175*'B - DATOS CONTRATO GESTIÓN'!K322) | H175: =+IF(C175="","",F175/G175) | I175: =+IF(B175="","",C175*H175)
A176: 80 | B176: =+B86 | C176: =+C86 | D176: =+IF(B176="","",'B - DATOS CONTRATO GESTIÓN'!#REF!) | F176: =+IF(C176="","",E176*'B - DATOS CONTRATO GESTIÓN'!K323) | H176: =+IF(C176="","",F176/G176) | I176: =+IF(B176="","",C176*H176)
B177: TOTAL COSTE NEUMÁTICOS | I177: =SUM(I97:I176) -> 0
B179: C.3. REPARACIONES Y MANTENIMIENTO
B181: En función de las características de cada vehículo y del servicio prestado el solicitante propondrá unos costes medios por kilómetro en concepto de reparaciones y mantenimiento de los vehículos
B183: MATRICULA VEHÍCULO | C183: KM RECORRIDOS MINIMO CONCESIONAL | D183: COSTE MEDIO REPARACIONES Y MANTENIMIENTO POR KM | E183: TOTAL EUROS
A184: 1 | B184: =+B7 | C184: =+C7 | E184: =+IF(B184="","",D184*C184)
A185: 2 | B185: =+B8 | C185: =+C8 | E185: =+IF(B185="","",D185*C185)
A186: 3 | B186: =+B9 | C186: =+C9 | E186: =+IF(B186="","",D186*C186)
A187: 4 | B187: =+B10 | C187: =+C10 | E187: =+IF(B187="","",D187*C187)
A188: 5 | B188: =+B11 | C188: =+C11 | E188: =+IF(B188="","",D188*C188)
A189: 6 | B189: =+B12 | C189: =+C12 | E189: =+IF(B189="","",D189*C189)
A190: 7 | B190: =+B13 | C190: =+C13 | E190: =+IF(B190="","",D190*C190)
A191: 8 | B191: =+B14 | C191: =+C14 | E191: =+IF(B191="","",D191*C191)
A192: 9 | B192: =+B15 | C192: =+C15 | E192: =+IF(B192="","",D192*C192)
A193: 10 | B193: =+B16 | C193: =+C16 | E193: =+IF(B193="","",D193*C193)
A194: 11 | B194: =+B17 | C194: =+C17 | E194: =+IF(B194="","",D194*C194)
A195: 12 | B195: =+B18 | C195: =+C18 | E195: =+IF(B195="","",D195*C195)
... A263: 80 | B263: =+B86 | C263: =+C86 | E263: =+IF(B263="","",D263*C263)
B264: TOTAL COSTE REPARACIONES Y MANTENIMIENTO | E264: =SUM(E184:E263) -> 0
B267: C.4. PERSONAL DE CONDUCCIÓN
B269: Para cada uno de los conductores que hayan prestado servicio en la concesión objeto de solicitud de subvención e introducidos en la Tabla B.3., se introducirán las horas imputadas a dicho contrato (horas de ejecución y complementarias), los costes salariales imputado por ese concepto y los costes de cotización a la Seguridad Social imputados.
B271: CONDUCTOR | C271: DNI | D271: HORAS TOTAL DE TRABAJO DE JUNIO A DICIEMBRE 2021 | E271: HORAS IMPUTADAS AL CONTRATO (TOTAL) DE JUNIO A DICIEMBRE 2021 | F271: HORAS IMPUTADAS AL CONTRATO (MINIMO CONCESIONAL) DE JUNIO A DICIEMBRE 2021 | G271: % HORAS IMPUTADAS AL CONTRATO DEDICADAS AL MINIMO CONCESIONAL | H271: COSTE SALARIAL IMPUTADO AL CONTRATO (TOTAL) DE JUNIO A DICIEMBRE 2021 | I271: COSTE S.S. IMPUTADO AL CONTRATO (TOTAL) DE JUNIO A DICIEMBRE 2021 | J271: COSTE TOTAL IMPUTADO AL CONTRATO (MINIMO CONCESIONAL) DE JUNIO A DICIEMBRE 2021 | K271: COSTE TOTAL POR HORA (MINIMO CONCESIONAL)
A272: 1 | B272: =+IF('B - DATOS CONTRATO GESTIÓN'!B38="","",'B - DATOS CONTRATO GESTIÓN'!B38) | C272: =+IF('B - DATOS CONTRATO GESTIÓN'!C38="","",'B - DATOS CONTRATO GESTIÓN'!C38) | D272: =+IF(B272="","",K892) | G272: =+IF(B272="","",F272/E272) | J272: =+IF(B272="","",(H272+I272)*G272) | K272: =+IF(B272="","",J272/F272)
A273: 2 | B273: =+IF('B - DATOS CONTRATO GESTIÓN'!B39="","",'B - DATOS CONTRATO GESTIÓN'!B39) | C273: =+IF('B - DATOS CONTRATO GESTIÓN'!C39="","",'B - DATOS CONTRATO GESTIÓN'!C39) | D273: =+IF(B273="","",K893) | G273: =+IF(B273="","",F273/E273) | J273: =+IF(B273="","",(H273+I273)*G273) | K273: =+IF(B273="","",J273/F273)
A274: 3 | B274: =+IF('B - DATOS CONTRATO GESTIÓN'!B40="","",'B - DATOS CONTRATO GESTIÓN'!B40) | C274: =+IF('B - DATOS CONTRATO GESTIÓN'!C40="","",'B - DATOS CONTRATO GESTIÓN'!C40) | D274: =+IF(B274="","",K894) | G274: =+IF(B274="","",F274/E274) | J274: =+IF(B274="","",(H274+I274)*G274) | K274: =+IF(B274="","",J274/F274)
A275: 4 | B275: =+IF('B - DATOS CONTRATO GESTIÓN'!B41="","",'B - DATOS CONTRATO GESTIÓN'!B41) | C275: =+IF('B - DATOS CONTRATO GESTIÓN'!C41="","",'B - DATOS CONTRATO GESTIÓN'!C41) | D275: =+IF(B275="","",K895) | G275: =+IF(B275="","",F275/E275) | J275: =+IF(B275="","",(H275+I275)*G275) | K275: =+IF(B275="","",J275/F275)
A276: 5 | B276: =+IF('B - DATOS CONTRATO GESTIÓN'!B42="","",'B - DATOS CONTRATO GESTIÓN'!B42) | C276: =+IF('B - DATOS CONTRATO GESTIÓN'!C42="","",'B - DATOS CONTRATO GESTIÓN'!C42) | D276: =+IF(B276="","",K896) | G276: =+IF(B276="","",F276/E276) | J276: =+IF(B276="","",(H276+I276)*G276) | K276: =+IF(B276="","",J276/F276)
A277: 6 | B277: =+IF('B - DATOS CONTRATO GESTIÓN'!B43="","",'B - DATOS CONTRATO GESTIÓN'!B43) | C277: =+IF('B - DATOS CONTRATO GESTIÓN'!C43="","",'B - DATOS CONTRATO GESTIÓN'!C43) | D277: =+IF(B277="","",K897) | G277: =+IF(B277="","",F277/E277) | J277: =+IF(B277="","",(H277+I277)*G277) | K277: =+IF(B277="","",J277/F277)
A278: 7 | B278: =+IF('B - DATOS CONTRATO GESTIÓN'!B44="","",'B - DATOS CONTRATO GESTIÓN'!B44) | C278: =+IF('B - DATOS CONTRATO GESTIÓN'!C44="","",'B - DATOS CONTRATO GESTIÓN'!C44) | D278: =+IF(B278="","",K898) | G278: =+IF(B278="","",F278/E278) | J278: =+IF(B278="","",(H278+I278)*G278) | K278: =+IF(B278="","",J278/F278)
A279: 8 | B279: =+IF('B - DATOS CONTRATO GESTIÓN'!B45="","",'B - DATOS CONTRATO GESTIÓN'!B45) | C279: =+IF('B - DATOS CONTRATO GESTIÓN'!C45="","",'B - DATOS CONTRATO GESTIÓN'!C45) | D279: =+IF(B279="","",K899) | G279: =+IF(B279="","",F279/E279) | J279: =+IF(B279="","",(H279+I279)*G279) | K279: =+IF(B279="","",J279/F279)
A280: 9 | B280: =+IF('B - DATOS CONTRATO GESTIÓN'!B46="","",'B - DATOS CONTRATO GESTIÓN'!B46) | C280: =+IF('B - DATOS CONTRATO GESTIÓN'!C46="","",'B - DATOS CONTRATO GESTIÓN'!C46) | D280: =+IF(B280="","",K900) | G280: =+IF(B280="","",F280/E280) | J280: =+IF(B280="","",(H280+I280)*G280) | K280: =+IF(B280="","",J280/F280)
A281: 10 | B281: =+IF('B - DATOS CONTRATO GESTIÓN'!B47="","",'B - DATOS CONTRATO GESTIÓN'!B47) | C281: =+IF('B - DATOS CONTRATO GESTIÓN'!C47="","",'B - DATOS CONTRATO GESTIÓN'!C47) | D281: =+IF(B281="","",K901) | G281: =+IF(B281="","",F281/E281) | J281: =+IF(B281="","",(H281+I281)*G281) | K281: =+IF(B281="","",J281/F281)
A282: 11 | B282: =+IF('B - DATOS CONTRATO GESTIÓN'!B48="","",'B - DATOS CONTRATO GESTIÓN'!B48) | C282: =+IF('B - DATOS CONTRATO GESTIÓN'!C48="","",'B - DATOS CONTRATO GESTIÓN'!C48) | D282: =+IF(B282="","",K902) | G282: =+IF(B282="","",F282/E282) | J282: =+IF(B282="","",(H282+I282)*G282) | K282: =+IF(B282="","",J282/F282)
A283: 12 | B283: =+IF('B - DATOS CONTRATO GESTIÓN'!B49="","",'B - DATOS CONTRATO GESTIÓN'!B49) | C283: =+IF('B - DATOS CONTRATO GESTIÓN'!C49="","",'B - DATOS CONTRATO GESTIÓN'!C49) | D283: =+IF(B283="","",K903) | G283: =+IF(B283="","",F283/E283) | J283: =+IF(B283="","",(H283+I283)*G283) | K283: =+IF(B283="","",J283/F283)
... A471: 200 | B471: =+IF('B - DATOS CONTRATO GESTIÓN'!B237="","",'B - DATOS CONTRATO GESTIÓN'!B237) | C471: =+IF('B - DATOS CONTRATO GESTIÓN'!C237="","",'B - DATOS CONTRATO GESTIÓN'!C237) | D471: =+IF(B471="","",K1091) | G471: =+IF(B471="","",F471/E471) | J471: =+IF(B471="","",(H471+I471)*G471) | K471: =+IF(B471="","",J471/F471)
B472: SUBTOTAL | D472: =SUM(D272:D471) -> 0 | E472: =SUM(E272:E471) -> 0 | F472: =SUM(F272:F471) -> 0 | H472: =SUM(H272:H471) -> 0 | I472: =SUM(I272:I471) -> 0 | J472: =SUM(J272:J471) -> 0 | K472: =+J472/F472 -> #DIV/0!
B473: TOTAL DIETAS PERSONAL CONDUCCIÓN IMPUTABLES
B474: TOTAL COSTE PERSONAL DE CONDUCCIÓN | I474: =+I473+J472 -> 0
B476: Para conocimiento de la Administración se incluirán inexcusablemente los siguientes cuadros (bases de cotización, horas y días) debiendo introducir los valores en euros a reflejar en el cuadro para cada conductor asalariado y mes que serán los que figuren en los boletines TC2 de la Tesorería General de la Seguridad Social como base de cotización de contingencias comunes. Los valores en euros para conductores autónomos se tomarán de los justificantes de pago de cuotas por el régimen especial de autónomos. En case de devengarse dietas, horas extras, pluses, convenio, ayudas para comida, o cualquier otra percepción por concepto en este apartado, podrán especificarse con aportación de los debidos justificantes y de los convenios laborales que rijan en la empresa.
...

Sheet D - INGRESOS
A2: D. INGRESOS PERIODO DE JUNIO A DICIEMBRE DE 2021
A4: INGRESOS BILLETES VIAJEROS EXPEDICIONES MÍNIMO CONCESIONAL
A5: INGRESOS BILLETES VIAJEROS EXPEDICIONES SUPLEMENTARIAS
A6: INGRESOS RESERVA DE PLAZA DE ESCOLARES (EXP. MÍNIMO CONCESIONAL)
A7: INGRESOS RESERVA DE PLAZA DE ESCOLARES (EXP. SUPLEMENTARIAS)
A8: INGRESOS EQUIPAJES Y PAQUETERÍA (EXP. MÍNIMO CONCESIONAL)
A9: INGRESOS EQUIPAJES Y PAQUETERÍA (EXP. SUPLEMENTARIAS)
A10: OTROS INGRESOS
A12: TOTAL INGRESOS | B12: =SUM(B4:B10) -> 0

Sheet E - ANÁLISIS ECONÓMICO
A2: E. ANÁLISIS ECONÓMICO DE LA PRESTACIÓN DEL SERVICIO. MÍNIMO CONCESIONAL DE JUNIO A DICIEMBRE 2021
A4: PRESTADOR | B4: ='A - DATOS GENERALES'!B4 -> 0
A5: SERVICIO PÚBLICO REGULAR DE USO GENERAL | B5: =+'B - DATOS CONTRATO GESTIÓN'!C4 -> 0
A6: NOMBRE SERVICIO | B6: =+'B - DATOS CONTRATO GESTIÓN'!C5 -> 0
A8: KILÓMETROS SERVICIO DE JUNIO A DICIEMBRE 2021 (MINIMO CONCESIONAL) | B8: =+'B - DATOS CONTRATO GESTIÓN'!H819 -> 0
A11: COSTES
C12: %
A13: COMBUSTIBLES Y LUBRICANTES | B13: =+'C - COSTES DE LA EXPLOTACIÓN'!F89 -> 0 | C13: =+B13/$B$24 -> #DIV/0!
A14: NEUMÁTICOS | B14: =+'C - COSTES DE LA EXPLOTACIÓN'!I177 -> 0 | C14: =+B14/$B$24 -> #DIV/0!
A15: REPARACIONES Y CONSERVACIÓN | B15: =+'C - COSTES DE LA EXPLOTACIÓN'!E264 -> 0 | C15: =+B15/$B$24 -> #DIV/0!
A16: PERSONAL DE CONDUCCIÓN | B16: =+'C - COSTES DE LA EXPLOTACIÓN'!J472 -> 0 | C16: =+B16/$B$24 -> #DIV/0!
A17: DIETAS DEL PERSONAL DE CONDUCCIÓN | B17: =+'C - COSTES DE LA EXPLOTACIÓN'!I473 -> 0 | C17: =+B17/$B$24 -> #DIV/0!
A18: AMORTIZACIÓN | B18: =+'C - COSTES DE LA EXPLOTACIÓN'!K1179 -> 0 | C18: =+B18/$B$24 -> #DIV/0!
A19: FINANCIACIÓN | B19: =+'C - COSTES DE LA EXPLOTACIÓN'!H1267 -> 0 | C19: =+B19/$B$24 -> #DIV/0!
A20: SEGUROS | B20: =+'C - COSTES DE LA EXPLOTACIÓN'!I1355 -> 0 | C20: =+B20/$B$24 -> #DIV/0!
A21: IMPUESTOS Y TASAS | B21: =+'C - COSTES DE LA EXPLOTACIÓN'!I1443 -> 0 | C21: =+B21/$B$24 -> #DIV/0!
A22: GASTOS GENERALES DE LA EMPRESA | B22: =+'C - COSTES DE LA EXPLOTACIÓN'!C1502 -> #DIV/0! | C22: =+B22/$B$24 -> #DIV/0!
A24: TOTAL COSTES DE JUNIO A DICIEMBRE 2021 (MINIMO CONCESIONAL) | B24: =SUM(B13:B22) -> #DIV/0! | C24: =SUM(C13:C22) -> #DIV/0!
A27: INGRESOS
A29: INGRESOS BILLETES VIAJEROS EXPEDICIONES (MÍNIMO CONCESIONAL) | B29: =+'D - INGRESOS'!B4 -> 0
A30: INGRESOS RESERVA DE PLAZA DE ESCOLARES (MÍNIMO CONCESIONAL) | B30: =+'D - INGRESOS'!B6 -> 0
A31: INGRESOS EQUIPAJES Y PAQUETERIA (MÍNIMO CONCESIONAL) | B31: =+'D - INGRESOS'!B8 -> 0
A32: OTROS INGRESOS | B32: =+'D - INGRESOS'!B10 -> 0
A34: TOTAL INGRESOS DE JUNIO A DICIEMBRE 2021 (MINIMO CONCESIONAL) | B34: =+B29+B30+B31+B32 -> 0
A37: RESULTADO ECONÓMICO DE LA CONCESIÓN
A38: COSTES DE JUNIO A DICIEMBRE 2021 | B38: =+B24 -> #DIV/0!
A39: INGRESOS DE JUNIO A DICIEMBRE 2021 | B39: =+B34 -> 0
A40: DÉFICIT DE JUNIO A DICIEMBRE 2021 | B40: =+B38-B39 -> #DIV/0!

Sheet F - DOCUMENTOS JUSTIFICANTES
A2: F. DOCUMENTACIÓN JUSTIFICANTE
A4: Junto con la memoria, la persona solicitante aportará los justificantes que se relacionan a continuación, sin perjuicio de que la Dirección General de Transportes pueda requerir documentación justificativa adicional y de la aportación por el solicitante de cualquiera otra que considere de interés:
A6: - Justificantes de las subvenciones recibidas por la prestación de servicio. - Justificantes de las subvenciones recibidas por las plazas reservadas para transporte escolar durante los meses de junio a diciembre de 2021. - Facturas de los costes de combustible, neumáticos y mantenimiento durante los meses de junio a diciembre de 2021 por la prestación del servicio para el que solicita la subvención. - Justificante de los costes salariales del personal de conducción: Nóminas, documentos de cotización, justificante de pago de cuotas por el régimen especial de autónomos, convenio laboral. - Facturas de adquisición de los vehículos sobre los que se imputan costes de amortización, plan de amortización, justificantes de subvenciones recibidas para la adquisición de los mismos. - Justificante los gastos financieros, pólizas de créditos y/o préstamos directamente vinculados a cada vehículo en el periodo de junio a diciembre de 2021. - Primas de seguros devengadas en el periodo de junio a diciembre de 2021 y documento justificativo de pago. - Justificante de los impuestos y tasas para cada vehículo devengados y contabilizados en el periodo de junio a diciembre de 2021 referenciados en el apartado B de esta memoria. - Justificante de los ingresos por billete de viajeros, equipajes y paquetería obtenidos durante los meses de junio a diciembre de 2021 Y reseñados en el apartado D de esta memoria y para el que solicita la subvención. - Archivo con la información de los discos-diagrama del primer y último día de servicio de los vehículos que realizan el servicio objeto de subvención. - En el caso de vehículos con tacógrafo digital, fichero que contenga el volcado de los datos almacenados en la memoria del tacógrafo y en la memoria de la tarjeta del conductor o conductores de los vehículos con los que se haya prestado el servicio.

Sheet CONTROL
A1: KM RECORRIDOS TOTALES CONCESIÓN | D1: KM RECORRIDOS (MINIMO CONCESIONAL)
A3: KM SERVICIO TABLA B.4. VEHICULOS | B3: =+'B - DATOS CONTRATO GESTIÓN'!O324+'B - DATOS CONTRATO GESTIÓN'!P324 -> 0 | D3: KM SERVICIO TABLA B.4. VEHICULOS | E3: =+'B - DATOS CONTRATO GESTIÓN'!O324 -> 0
A4: KM SERVICIO TABLA B.6. KM RECORRIDOS | B4: =+'B - DATOS CONTRATO GESTIÓN'!O819 -> 0 | D4: KM SERVICIO TABLA B.6. KM RECORRIDOS | E4: =+'B - DATOS CONTRATO GESTIÓN'!H819 -> 0
B5: =+IF(B3=B4,"OK","NO CUADRA") -> OK | E5: =+IF(E3=E4,"OK","NO CUADRA") -> OK
A7: HORAS IMPUTADAS AL CONTRATO TOTALES | D7: HORAS IMPUTADAS AL CONTRATO (MINIMO CONCESIONAL)
A9: HORAS EJECUCION SERVICIO TABLA B.5. | B9: =+'B - DATOS CONTRATO GESTIÓN'!K601 -> 0 | D9: HORAS EJECUCION SERVICIO TABLA B.5. | E9: =+'B - DATOS CONTRATO GESTIÓN'!I601 -> 0
A10: HORAS COMPLEMENTARIAS SERVICIO TABLA B.5. | B10: =+'B - DATOS CONTRATO GESTIÓN'!K709 -> 0 | D10: HORAS COMPLEMENTARIAS SERVICIO TABLA B.5. | E10: =+'B - DATOS CONTRATO GESTIÓN'!I709 -> 0
A11: SUMA | B11: =SUM(B9:B10) -> 0 | D11: SUMA | E11: =SUM(E9:E10) -> 0
A12: HORAS IMPUTADAS TABLA C.4. | B12: =+'C - COSTES DE LA EXPLOTACIÓN'!E472 -> 0 | D12: HORAS IMPUTADAS TABLA C.4. | E12: =+'C - COSTES DE LA EXPLOTACIÓN'!F472 -> 0
B13: =+IF(B9+B10=B12,"OK","NO CUADRA") -> OK | E13: =+IF(E9+E10=E12,"OK","NO CUADRA") -> OK
